 Dungeon Crawl Stone Soup version 0.16.2-12-gd0ad4c3 (webtiles) character file.

124015 Gravoth the Peltast (level 15, -2/126 HPs)
             Began as a Demigod Fighter on Oct 26, 2015.
             Slain by an antimagic lajatang (11 damage)
             ... on level 1 of the Elven Halls.
             The game lasted 04:16:09 (38668 turns).

Gravoth the Peltast (Demigod Fighter)              Turns: 38668, Time: 04:16:09

Health: -2/126     AC: 24    Str: 21    XL:     15   Next: 91%
Magic:  1/22       EV: 12    Int: 15    God:
Gold:   2860       SH: 17    Dex: 25    Spells: 3 memorised, 3 levels left

rFire  + . .     SeeInvis +     D - +5 spear (venom)
rCold  . . .     Clarity  .     E - +1 plate armour {rF+}
rNeg   . . .     SustAb   +     c - +3 shield
rPois  .         Gourm    .     q - +2 helmet {Int+3}
rElec  .         Spirit   .     p - +1 cloak
rCorr  .         Warding  .     A - +1 pair of gloves
rMut   .         Stasis   .     Y - +0 pair of boots
MR     ++...                    s - amulet of regeneration
Stlth  ..........               L - ring of see invisible
                                K - ring of protection from magic

@: very slightly contaminated, hasted, heavily drained, very quick, very
resistant to hostile enchantments, extremely unstealthy
A: thin skeletal structure 1, sustain abilities
a: no special abilities


You were on level 1 of the Elven Halls.
You were hungry.

You visited 4 branches of the dungeon, and saw 29 of its levels.
You also visited: Sewer.

You collected 3358 gold pieces.
You spent 498 gold pieces at shops.

Inventory:

Hand weapons
 e - a +3 spear of freezing
 D - a +5 spear of venom (weapon)
Missiles
 o - 24 stones (quivered)
Armour
 c - a +3 shield (worn)
 p - a +1 cloak (worn)
 q - a +2 helmet of intelligence (worn)
 A - a +1 pair of gloves (worn)
 E - a +1 plate armour of fire resistance (worn)
 Y - a +0 pair of boots (worn)
Jewellery
 m - a +3 ring of dexterity
 n - an uncursed ring of protection from cold
 s - an amulet of regeneration (around neck)
 u - an uncursed ring of teleport control
 y - the amulet "Ghoimoy" {Stasis rN+ Dex-2 SInv}
   (You found it on level 1 of the Elven Halls)

   [amulet of stasis]

   It prevents you from being teleported, slowed, hasted or paralysed.
   It affects your dexterity (-2).
   It protects you from negative energy.
   It enhances your eyesight.
 K - a ring of protection from magic (left hand)
 L - a ring of see invisible (right hand)
 O - an uncursed amulet of clarity
 P - an uncursed amulet of resist corrosion
Magical devices
 z - a wand of paralysis (7)
 R - a wand of slowing (16)
Scrolls
 a - 2 scrolls of amnesia
 g - 7 scrolls of identify
 x - 4 scrolls of teleportation
 B - 2 scrolls of silence {unknown}
 C - 4 scrolls of fear
 G - 5 scrolls of recharging
 H - 2 scrolls of fog
 I - 7 scrolls of blinking
 J - a scroll of magic mapping
 N - 9 scrolls of remove curse
 V - 2 scrolls of summoning {unknown}
 Z - 2 scrolls of acquirement {unknown}
Potions
 b - 3 potions of invisibility {unknown}
 h - a potion of haste
 j - a potion of heal wounds {unknown}
 k - 4 potions of restore abilities
 l - 4 potions of agility
 r - 7 potions of brilliance
 t - a potion of berserk rage
 w - a potion of degeneration {unknown}
 F - a potion of mutation {unknown}
 U - a potion of beneficial mutation {unknown}
 W - 2 potions of cancellation {unknown}
 X - a potion of might
Miscellaneous
 Q - 2 phantom mirrors
 S - a lamp of fire
Comestibles
 d - 12 bread rations
 f - a meat ration
 i - 12 beef jerkies
 T - 3 slices of pizza


   Skills:
 - Level 10.0(7.3) Fighting
 - Level 12.0(9.2) Polearms
 + Level 11.5(8.8) Armour
 - Level 10.5(7.8) Dodging
 - Level 15.0(12.0) Shields
 - Level 6.0(3.6) Hexes
 - Level 6.5(4.1) Air Magic


You had 3 spell levels left.
You knew the following spells:

 Your Spells              Type           Power        Failure   Level  Hunger
a - Silence               Hex/Air        ##........   100%        5    ######.
b - Control Teleport      Chrm/Tloc      #.........   100%        4    #####..
c - Repel Missiles        Chrm/Air       #.....       100%        2    ###....


Dungeon Overview and Level Annotations

Branches:
Dungeon (15/15)            Temple (0/1) D:7            Lair (8/8) D:10
 Shoals (0/5) Lair:5       Spider (0/5) Lair:6          Orc (4/4) D:10
    Elf (2/3) Orc:3        Vaults (0/5) D:14
  Slime: Lair:6-8    Depths: D:15

Shops:
D:4 *   Orc:4 ?(

Annotations:
Lair:8 exclusion: 2 oklob plants


Innate Abilities, Weirdness & Mutations

Your attributes are resistant to harm.
You have a somewhat thin skeletal structure (Dex +2, Stealth).


Message History

* * * LOW HITPOINT WARNING * * *
You feel your power leaking away.
You puncture the antimagic lajatang!
The antimagic lajatang is moderately damaged.
Drink which item? (? for menu, Esc to quit)
You feel better.
The antimagic lajatang hits you but does no damage.
You hit the antimagic lajatang but do no damage.
The antimagic lajatang is moderately damaged.
The antimagic lajatang misses you.
You hit the antimagic lajatang but do no damage.
The antimagic lajatang is moderately damaged.
You closely miss the antimagic lajatang.
The antimagic lajatang is moderately damaged.
The antimagic lajatang hits you!
* * * LOW HITPOINT WARNING * * *
You hit the antimagic lajatang.
The antimagic lajatang is moderately damaged.
The antimagic lajatang hits you!
You die...

###........## #'#
###...##[# #...
######.# #....
##.###.##......
##...##.#.......
.
#.......'.......
. ##...##.#......
. ##.###.##.....
##..@(# #....
#.#### #.. #.#
#'# #.# .# #.# .#
#.# #.## #.#
...## #.# ....#
#.#######...#####


You could see an antimagic lajatang.

Vanquished Creatures
  Gastronok (D:10)
  2 rakshasas (D:14)
  8 vault guards (D:14)
  2 deep elf death magi
  Harold (D:10)
  5 hydras
  7 dancing weapons (Elf:2)
  5 centaur warriors
  An orc high priest (Orc:4)
  2 ogre magi
  The ghost of Dadi the Blocker, an experienced GrGl of Okawaru (D:11)
  The ghost of Gravoth the Nimble, an experienced OpFi of Nemelex Xobeh (D:9)
  Nergalle (Elf:1)
  8 deep elf knights
  4 skeletal warriors (D:15)
  2 unseen horrors
  The ghost of Gravoth the Covert, an experienced OpCK of Xom (D:7)
  A wizard (D:14)
  3 orc knights (Orc:4)
  9 hill giants
  A wolf spider zombie (D:13)
  2 deep elf summoners
  4 deep elf conjurers (Elf:1)
  A harpy (shapeshifter) (D:15)
  A manticore (D:14)
  A large abomination (Elf:1)
  6 orc sorcerers (Orc:4)
  2 griffons
  3 cyclopes
  15 ugly things
  4 black mambas
  10 elephants
  A naga mage (Lair:3)
  Joseph (D:10)
  A queen ant (Lair:8)
  A torpor snail (Lair:7)
  A siren (Lair:5)
  A gargoyle (D:14)
  Psyche (Orc:3)
  18 spiny frogs
  A jumping spider (Elf:1)
  A freezing wraith (D:15)
  3 deep elf priests (Elf:1)
  A fire drake (Lair:7)
  13 komodo dragons
  9 trolls
  6 two-headed ogres
  Sonja (D:10)
  A troll (shapeshifter) (D:12)
  A giant leech (Lair:8)
  2 boulder beetles
  8 deep elf magi
  20 blink frogs
  10 slime creatures
  3 basilisks
  A trapdoor spider zombie (D:11)
  A trapdoor spider (D:15)
  3 wyverns
  56 yaks
  3 wraiths
  2 shadows
  9 vampire mosquitoes
  A hog (shapeshifter) (Elf:1)
  A human (shapeshifter) (D:14)
  6 hungry ghosts
  A steam dragon (D:10)
  3 wolves (Lair:2)
  7 hippogriffs
  A mottled dragon (D:14)
  11 deep elf fighters
  4 wargs
  14 soldier ants
  7 ice beasts
  16 water moccasins
  A wasp (D:15)
  12 porcupines
  3 orc zombies (Orc:4)
  8 spiders (Lair:6)
  4 sky beasts
  41 orc warriors
  16 centaurs
  30 ogres
  4 phantoms
  5 necrophages (Lair:3)
  18 crocodiles
  A boring beetle (Lair:7)
  Duvessa (Orc:1)
  A brain worm (D:15)
  Blork the orc (D:9)
  4 big kobolds
  45 giant frogs
  A wyvern skeleton (D:10)
  5 scorpions
  28 killer bees
  5 electric eels
  10 wights
  Dowan (Orc:1)
  4 crimson imps
  12 hounds
  A goliath beetle (D:7)
  6 centaur skeletons
  3 centaur zombies
  3 quasits
  Crazy Yiuf (D:3)
  4 jellies
  8 iguanas
  30 orc priests
  3 giant frog skeletons
  30 orc wizards
  48 worker ants
  A hell rat (Elf:1)
  A killer bee zombie (D:7)
  4 sheep (Lair:3)
  Ijyb (D:7)
  2 hound zombies (D:5)
  A hound skeleton (D:10)
  3 gnolls
  30 adders
  64 river rats
  2 giant mites
  3 shadow imps
  10 worms
  2 adder skeletons
  8 giant geckos
  4 oozes (Sewer)
  217 orcs
  11 bats
  6 giant cockroaches
  32 goblins
  22 hobgoblins
  23 kobolds
  16 quokkas
  7 ball pythons
  A giant gecko skeleton (D:6)
  5 giant newts
  2 giant spores
  6 jackals
  26 rats
  9 ballistomycetes
  2 fungi
  A plant (Lair:8)
1287 creatures vanquished.

Vanquished Creatures (others)
  A spiny frog (Lair:8)
  A two-headed ogre (D:9)
  A giant frog (Lair:8)
  An orc priest (D:10)
  A hobgoblin (D:9)
  A giant spore (D:10)
  A goblin (D:10)
  A ballistomycete (D:10)
  48 fungi
  14 plants
70 creatures vanquished.

Grand Total: 1357 creatures vanquished

Notes
Turn   | Place    | Note
--------------------------------------------------------------
     0 | D:1      | Gravoth, the Demigod Fighter, began the quest for the Orb.
     0 | D:1      | Reached XP level 1. HP: 18/18 MP: 2/2
   248 | D:1      | Reached skill level 1 in Dodging
   274 | D:1      | Reached skill level 3 in Shields
   274 | D:1      | Reached XP level 2. HP: 25/25 MP: 3/3
   743 | D:2      | Reached XP level 3. HP: 30/30 MP: 5/5
  1018 | D:2      | Reached XP level 4. HP: 30/37 MP: 7/7
  1383 | D:2      | Reached skill level 4 in Shields
  1970 | D:3      | Noticed Crazy Yiuf
  1985 | D:3      | Killed Crazy Yiuf
  2188 | D:3      | Reached XP level 5. HP: 40/42 MP: 8/8
  3105 | D:4      | Found Prizaydung's Assorted Antiques.
  3140 | D:4      | Bought a scroll of remove curse for 93 gold pieces
  3163 | D:4      | Found a glowing silver altar of Zin.
  3605 | D:4      | Reached XP level 6. HP: 41/50 MP: 10/10
  3624 | D:4      | Found a glowing drain.
  3636 | Sewer    | Entered a sewer
  3711 | Sewer    | Reached skill level 5 in Shields
  4572 | D:4      | Reached XP level 7. HP: 58/58 MP: 12/12
  4681 | D:5      | Entered Level 5 of the Dungeon
  4794 | D:5      | Reached skill level 5 in Dodging
  5347 | D:5      | Reached skill level 5 in Fighting
  5753 | D:6      | Reached XP level 8. HP: 46/68 MP: 13/13
  6232 | D:6      | Found a white marble altar of Elyvilon.
  6232 | D:6      | Found a sparkling altar of Nemelex Xobeh.
  6282 | D:7      | Found a glowing golden altar of the Shining One.
  6315 | D:7      | Reached skill level 5 in Polearms
  6362 | D:7      | Noticed Gravoth's ghost (experienced OpCK)
  6363 | D:7      | Noticed Ijyb
  6380 | D:7      | Killed Gravoth's ghost
  6380 | D:7      | Reached skill level 6 in Polearms
  6383 | D:7      | Killed Ijyb
  6442 | D:7      | Reached skill level 7 in Polearms
  6608 | D:7      | Reached XP level 9. HP: 39/74 MP: 15/15
  6682 | D:7      | Found a staircase to the Ecumenical Temple.
  6770 | D:7      | Reached skill level 5 in Armour
  7865 | D:8      | Reached skill level 8 in Armour
  8257 | D:8      | Gained mutation: You have a somewhat thin skeletal structure (Dex +2, Stealth). [mutagenic meat]
  8883 | D:8      | Found a sacrificial altar of Ru.
  9009 | D:9      | Noticed an efreet
  9064 | D:9      | Reached XP level 10. HP: 81/81 MP: 17/17
  9162 | D:9      | Noticed Blork the orc
  9173 | D:9      | Killed Blork the orc
  9783 | D:9      | Noticed Gravoth's ghost (experienced OpFi)
  9919 | D:9      | Killed Gravoth's ghost
 10424 | D:9      | Reached skill level 9 in Shields
 10441 | D:10     | Entered Level 10 of the Dungeon
 10451 | D:10     | Noticed a hill giant
 10765 | D:10     | Noticed Sonja
 10947 | D:10     | Found a staircase to the Lair.
 11137 | D:10     | Reached skill level 10 in Shields
 11138 | D:10     | Noticed Joseph
 11156 | D:10     | Killed Joseph
 11349 | D:10     | HP: 3/81 [orc warrior/glaive[the player character] (11)]
 11676 | D:10     | Noticed Harold
 11819 | Lair:1   | Entered Level 1 of the Lair of Beasts
 12033 | Lair:1   | Reached XP level 11. HP: 26/86 MP: 18/18
 13600 | Lair:2   | Reached skill level 10 in Polearms
 14458 | Lair:3   | Noticed a six-headed hydra
 14649 | Lair:3   | Reached skill level 11 in Polearms
 14782 | Lair:3   | Found a staircase to the Snake Pit.
 15440 | Lair:3   | Noticed an eight-headed hydra
 15457 | Lair:3   | Noticed a four-headed hydra
 15527 | Lair:4   | Reached skill level 12 in Polearms
 15527 | Lair:4   | Reached XP level 12. HP: 84/94 MP: 19/19
 15786 | Lair:4   | Noticed a seven-headed hydra
 17100 | Lair:5   | Got a thick robe
 17101 | Lair:5   | Identified the +1 robe of Deiferoh {+Blink} (You found it on level 5 of the Lair of Beasts)
 17303 | Lair:5   | Found a staircase to the Shoals.
 17513 | Lair:6   | Found a hole to the Spider Nest.
 18713 | Lair:6   | Reached skill level 10 in Fighting
 18765 | Lair:7   | Noticed a seven-headed hydra
 19795 | Lair:7   | Reached XP level 13. HP: 113/113 MP: 20/20
 19889 | Lair:8   | Entered Level 8 of the Lair of Beasts
 20976 | Lair:8   | Reached skill level 10 in Armour
 22268 | Lair:8   | Reached skill level 10 in Dodging
 22385 | Lair:7   | Killed a seven-headed hydra
 23596 | Lair:4   | Killed a seven-headed hydra
 23637 | Lair:3   | Killed a four-headed hydra
 23935 | Lair:3   | Killed an eight-headed hydra
 24177 | D:10     | Found a staircase to the Orcish Mines.
 24191 | D:10     | Noticed Gastronok
 24195 | Orc:1    | Entered Level 1 of the Orcish Mines
 24393 | Orc:1    | Noticed Dowan
 24394 | Orc:1    | Noticed Duvessa
 24408 | Orc:1    | Killed Duvessa
 24419 | Orc:1    | Killed Dowan
 25171 | Orc:3    | Found a staircase to the Elven Halls.
 25172 | Orc:3    | Noticed Psyche
 25183 | Orc:3    | Killed Psyche
 25703 | Orc:4    | Entered Level 4 of the Orcish Mines
 26395 | Orc:4    | Reached XP level 14. HP: 121/121 MP: 21/21
 27137 | Orc:4    | Noticed an orc warlord
 27789 | Orc:4    | Found a roughly hewn altar of Beogh.
 27791 | Orc:4    | Found Miusibli's Antique Weapon Emporium.
 27801 | Orc:4    | Found Fofryuv's Magic Scroll Shoppe.
 28229 | Orc:4    | Bought a scroll of enchant armour for 135 gold pieces
 28229 | Orc:4    | Bought a scroll of enchant weapon for 135 gold pieces
 28229 | Orc:4    | Bought a scroll of enchant weapon for 135 gold pieces
 28459 | D:10     | Killed Gastronok
 28679 | D:10     | Killed Harold
 28867 | D:10     | Killed a hill giant
 29081 | D:10     | Found a deep blue altar of Sif Muna.
 29387 | D:10     | Killed Sonja
 29625 | D:11     | Reached skill level 13 in Shields
 29653 | D:11     | Noticed Dadi's ghost (experienced GrGl)
 29732 | D:11     | Killed Dadi's ghost
 32052 | D:13     | Reached skill level 14 in Shields
 33553 | D:14     | Identified Pnapnef's Catalogue of Enchanting Changing (You found it on level 14 of the Dungeon)
 33561 | D:14     | Learned a level 5 spell: Silence
 33817 | D:14     | Learned a level 4 spell: Control Teleport
 33970 | D:14     | Reached skill level 15 in Shields
 34029 | D:14     | Reached XP level 15. HP: 85/126 MP: 22/22
 34031 | D:14     | Reached skill level 1 in Hexes
 34338 | D:14     | Found a gate to the Vaults.
 34771 | D:14     | Reached skill level 5 in Hexes
 34808 | D:14     | Identified the Incunabulum of Destructive Air
 34904 | D:14     | Learned a level 2 spell: Repel Missiles
 35121 | D:15     | Entered Level 15 of the Dungeon
 35296 | D:15     | Got a twisted broad axe
 35297 | D:15     | Identified the +4 broad axe "Psod" {freeze, rF++} (You found it on level 15 of the Dungeon)
 35342 | D:15     | Reached skill level 1 in Air Magic
 36092 | D:15     | Reached skill level 5 in Air Magic
 36592 | Elf:1    | Entered Level 1 of the Elven Halls
 37459 | Elf:1    | Noticed Nergalle
 37516 | Elf:1    | Killed Nergalle
 37668 | Elf:1    | Found a runed door.
 37742 | Elf:1    | Got a heavily runed ivory amulet
 37746 | Elf:1    | Identified the amulet "Ghoimoy" {Stasis rN+ Dex-2 SInv} (You found it on level 1 of the Elven Halls)
 38182 | Elf:1    | You fall through a shaft!
 38183 | Elf:2    | Found a large runed door.
 38183 | Elf:2    | Found a large runed door.
 38230 | Elf:2    | Found a large runed door.
 38230 | Elf:2    | Found a large runed door.
 38668 | Elf:1    | Slain by an antimagic lajatang

Action                   |  1- 3 |  4- 6 |  7- 9 | 10-12 | 13-15 || total
-------------------------+-------+-------+-------+-------+-------++-------
Melee: Trident           |    35 |       |       |       |       ||    35
       Spear             |   134 |   604 |  1026 |  2596 |  5539 ||  9899
       Hammer            |       |    21 |       |       |       ||    21
Throw: Stone             |       |       |     5 |     3 |     1 ||     9
  Use: Scroll            |     3 |     6 |     9 |     8 |    13 ||    39
       Potion            |       |     1 |     5 |     9 |    15 ||    30
 Stab: Confused          |       |       |     3 |       |       ||     3
       Distracted        |       |       |       |       |     1 ||     1
  Eat: Chunk             |     1 |    12 |    23 |    36 |    37 ||   109
       Fruit             |       |       |     2 |     1 |     5 ||     8
       Meat ration       |       |       |       |     3 |     8 ||    11
       Pizza             |       |       |       |       |     1 ||     1
